 Dungeon Crawl Stone Soup version 0.24.0-37-gcf1ca852f1 (webtiles) character file.

Game seed: 3012364387545185809, levelgen mode: deterministic

166104 Iamsoldier the Fighter (level 18, -6/146 HPs)
             Began as a Human Berserker on Dec 3, 2019.
             Was the Champion of Trog.
             Killed from afar by Bai Suzhen (33 damage)
             ... with a torrent of water
             ... on level 4 of the Snake Pit.
             The game lasted 01:22:23 (37664 turns).

Iamsoldier the Fighter (Human Berserker)           Turns: 37664, Time: 01:22:24

Health: -6/146     AC: 23    Str: 30 (31) XL:     18   Next: 52%
Magic:  24/24      EV: 20    Int:  8      God:    Trog [******]
Gold:   966        SH: 18    Dex: 18      Spells: 17/17 levels left

rFire    + . .     SeeInvis .   b - +3 broad axe "Vueli" {drain, +Rage MR+ Int-2}
rCold    + . .     Gourm    .   M - +0 shield
rNeg     . . .     Faith    .   Z - +1 scale mail of the Dungeon {rPois rCorr Slay+3}
rPois    +         Spirit   .   D - +2 hat
rElec    .         Reflect  +   g - +0 cloak
rCorr    +         Harm     .   U - +2 pair of gloves {Dex+3}
MR       ++...                  F - +0 pair of boots
Stlth    ..........             Y - amulet "Zadeeqot" {Reflect rF+ rC+ Int+2 SH+4}
HPRegen  0.34/turn              y - +3 ring of slaying
MPRegen  0.19/turn              B - ring "Jokky" {AC+4 Str+8}

@: berserk cooldown, slowed, very slow
A: deterioration 1, screaming 1
a: Berserk, Trog's Hand, Brothers in Arms, Renounce Religion, Evoke Berserk Rage


You were on level 4 of the Snake Pit.
You worshipped Trog.
Trog was exalted by your worship.
You were very hungry.

You visited 5 branches of the dungeon, and saw 28 of its levels.
You also visited: Ossuary and Ice Cave.

You collected 3251 gold pieces.
You spent 2285 gold pieces at shops.

Inventory:

Hand Weapons
 a - a +6 morningstar of distortion
 b - the +3 broad axe "Vueli" (weapon) {drain, +Rage MR+ Int-2}
   (You acquired it on level 4 of the Lair of Beasts)

   A truly terrible weapon, it drains the life of those it strikes.
   It affects your intelligence (-2).
   It affects your resistance to hostile enchantments.
   It lets you go berserk.
Armour
 g - a +0 cloak (worn)
 D - a +2 hat (worn)
 F - a +0 pair of boots (worn)
 M - a +0 shield (worn)
 U - a +2 pair of gloves of dexterity (worn)
 Z - the +1 scale mail of the Dungeon (worn) {rPois rCorr Slay+3}
   (You bought it in a shop on level 2 of the Orcish Mines)

   It affects your accuracy and damage with ranged weapons and melee attacks
   (+3).
   It protects you from poison.
   It provides partial protection from all sources of acid and corrosion.
Jewellery
 s - an uncursed ring of protection from magic
 y - a +3 ring of slaying (left hand)
 B - the ring "Jokky" (right hand) {AC+4 Str+8}
   (You found it on level 8 of the Dungeon)

   [ring of protection]

   It affects your AC (+4).
   It affects your strength (+8).
 Y - the amulet "Zadeeqot" (around neck) {Reflect rF+ rC+ Int+2 SH+4}
   (You bought it in a shop on level 12 of the Dungeon)

   [amulet of reflection]

   It shields you and reflects attacks.
   It affects your intelligence (+2).
   It protects you from fire.
   It protects you from cold.
   It affects your SH (+4).
Wands
 j - a wand of scattershot (5)
 z - a wand of iceblast (8)
 I - a wand of digging (15)
 L - a wand of polymorph (4)
 O - a wand of paralysis (17)
 V - a wand of flame (13)
 X - a wand of enslavement (10)
Scrolls
 c - 2 scrolls of fear
 i - 11 scrolls of teleportation
 k - 8 scrolls of enchant weapon
 q - 8 scrolls of identify
 r - 2 scrolls of blinking
 u - 2 scrolls of magic mapping
 A - a scroll of holy word
 G - 2 scrolls of enchant armour
 J - a scroll of summoning
 Q - 2 scrolls of fog
 R - 9 scrolls of remove curse
Potions
 e - 4 potions of might
 f - 4 potions of flight
 h - 3 potions of heal wounds
 l - 7 potions of brilliance
 m - a potion of haste
 n - 3 potions of agility
 o - 7 potions of curing
 p - 5 potions of lignification
 t - 4 potions of mutation
 E - 2 potions of magic
 H - 3 potions of cancellation
 K - 5 potions of invisibility
 T - a potion of berserk rage
 W - 2 potions of resistance
Miscellaneous
 S - a lightning rod (4/4)
Comestibles
 d - 37 rations
 v - 2 chunks of flesh


   Skills:
 + Level 14.1 Fighting
 * Level 12.9(14.4) Axes
 - Level 11.4(13.7) Maces & Flails
 + Level 14.0 Armour
 + Level 13.0 Dodging
 + Level 11.2 Shields
 - Level 8.0 Evocations


You had 17 spell levels left.
You didn't know any spells.
Your spell library was empty.

Dungeon Overview and Level Annotations

Branches:
Dungeon (15/15)            Temple (0/1) D:4            Lair (6/6) D:8
 Shoals (0/4) Lair:4        Snake (4/4) Lair:4        Slime (1/5) Lair:5
    Orc (2/2) D:11            Elf (0/3) Orc:2        Vaults (0/5) D:14
 Depths (0/5) D:15        Ossuary (visited)           IceCv (visited)

Altars:
Ashenzari
Cheibriados
Fedhas
Gozag
Makhleb
Okawaru
Ru
Trog
Uskayaw
Vehumet
Zin
The Shining One
Beogh

Shops:
D:8 ?   D:12 (=!*:   Orc:2 *[(=

Portals:
Hell: Lair:6

Annotations:
Snake:4 Bai Suzhen


Innate Abilities, Weirdness & Mutations

Your body sometimes deteriorates upon taking damage.
You occasionally shout uncontrollably at your foes.


Message History

The black mamba bites you but does no damage.
Bai Suzhen bites you!
* * * LOW HITPOINT WARNING * * *
Bai Suzhen barely misses you. Bai Suzhen tramples you!
* * * LOW HITPOINT WARNING * * *
You stumble backwards!
Splash!
You fall into the shallow water.
Moving in this stuff is going to be slow.
You stop ascending the stairs.
You hear an angry hiss.
You feel much better.
You are standing in a thunderstorm.
You are struck by lightning!
* * * LOW HITPOINT WARNING * * *
You hear a shout!
Bai Suzhen seems less drained.
The black mamba closely misses you. The black mamba barely misses you.
Bai Suzhen breathes water at you. The torrent of water hits you!!
You die...

.....§§###§.....# .......#
####...# ......#######...##
............[....# .
...............N.### ..
..............(....#######...
.....##########§.............
#.DS..........# ##@§........#
#≈≈........# #..........#
#.......$...# #............#
#..............#
#................
#.................
#..##.............


You could see Bai Suzhen, a salamander and a black mamba.

Vanquished Creatures
  Vashnia (Snake:3)
  Rupert (Snake:1)
  Asterion (Snake:1)
  Gastronok (Lair:2)
  Agnes (Snake:3)
  A nagaraja (Snake:4)
  Louise (D:15)
  2 orc warlords (Orc:2)
  Aizul (Snake:1)
  Snorg (D:13)
  The ghost of Nilihum the Eclecticist, a journeyman DEWz of Vehumet (Lair:4)
  5 slime creatures
  An ogre mage (D:15)
  Harold (D:8)
  5 naga warriors
  4 vault guards (D:14)
  2 ice dragons (IceCv)
  4 anacondas
  9 two-headed ogres
  8 hydras
  Erica (D:15)
  2 catoblepae (Lair:5)
  3 centaur warriors
  4 tengu warriors
  10 naga sharpshooters
  2 death yaks (Lair:6)
  3 orc high priests
  A hell knight (D:15)
  Urug (Orc:2)
  6 shock serpents
  Nergalle (Lair:1)
  Sonja (D:13)
  A deep elf knight (D:15)
  A sixfirhy (Lair:6)
  4 naga ritualists
  A salamander mystic (Snake:3)
  4 unseen horrors
  2 wizards
  3 orc knights
  A glowing orange brain (D:15)
  A harpy (shapeshifter) (D:15)
  A lindwurm (Lair:6)
  A deep elf mage (D:15)
  9 mana vipers
  A necromancer (Lair:6)
  17 ugly things
  5 orc sorcerers
  4 oklob plants (Lair:2)
  4 cyclopes
  2 manticores
  2 salamanders (Snake:3)
  A salamander (shapeshifter) (D:15)
  35 black mambas
  2 guardian serpents (Snake:2)
  2 ice statues (IceCv)
  9 naga magi
  3 gargoyles
  7 elephants (Lair:6)
  8 spiny frogs
  An orange demon (Lair:6)
  7 rime drakes
  2 ice devils (Lair:6)
  10 komodo dragons
  A yaktaur (shapeshifter) (D:10)
  A hellwing (Lair:6)
  2 red devils (Lair:6)
  3 tengu conjurers
  11 trolls
  3 meliai (D:14)
  A queen bee (D:14)
  A meliai (shapeshifter) (D:14)
  9 blink frogs
  A hornet (D:13)
  15 hippogriffs
  A snapping turtle (Lair:4)
  10 dream sheep (Lair:6)
  A spriggan (D:7)
  5 wraiths
  31 yaks
  Eustachio (D:6)
  A vampire (D:14)
  2 yaks (shapeshifter)
  A basilisk (D:13)
  A golden eye (shapeshifter) (D:15)
  3 hungry ghosts
  2 vampire mosquitoes (D:12)
  3 wargs (Orc:2)
  Edmund (D:4)
  20 nagas
  An acid dragon (D:14)
  4 hell hounds (Lair:6)
  17 water moccasins
  8 porcupines
  28 ice beasts
  4 black bears
  48 orc warriors
  6 sky beasts
  15 ogres
  7 phantoms
  2 eyes of draining (D:14)
  2 necrophages (D:9)
  7 wolves
  15 centaurs
  12 crocodiles
  2 big kobolds
  4 elf zombies (Ossuary)
  17 bullfrogs
  8 scorpions
  A wyvern skeleton (D:8)
  17 killer bees
  4 howler monkeys
  5 electric eels
  A lava snake (D:14)
  6 crimson imps
  A quasit (D:6)
  5 centaur zombies
  A bullfrog zombie (D:5)
  14 hounds
  9 jellies
  29 orc wizards
  21 orc priests
  A bullfrog skeleton (D:13)
  11 centaur skeletons
  5 iguanas
  6 hell rats (Lair:6)
  7 worker ants
  A yak simulacrum (Lair:6)
  5 wolf simulacra (Lair:6)
  3 polar bear simulacra (Lair:6)
  A killer bee zombie (D:5)
  2 mummies (Ossuary)
  3 worker ant zombies
  Robin (D:4)
  16 adders
  16 gnolls
  2 oozes
  2 adder zombies
  2 adder skeletons
  2 worms
  2 dart slugs
  6 leopard geckos
  103 orcs
  A ball python (D:3)
  7 giant cockroaches
  17 goblins
  7 hobgoblins
  3 jackals (D:2)
  7 quokkas
  7 bats
  9 frilled lizards
  2 goblin zombies (Ossuary)
  11 hobgoblin zombies (Ossuary)
  2 jackal zombies (Ossuary)
  11 kobolds
  6 kobold zombies (Ossuary)
  A leopard gecko zombie (D:9)
  9 orc zombies (Ossuary)
  A quokka zombie (D:6)
  4 rats (D:3)
  2 river rat simulacra (Lair:6)
  A fungus (Lair:6)
  6 plants
1000 creatures vanquished.

Vanquished Creatures (others)
  A death yak (Lair:6)
  A naga sharpshooter (Snake:2)
  A mana viper (Snake:4)
  A cyclops (D:15)
  A guardian serpent (Snake:2)
  2 centaurs (D:11)
  2 orcs
  16 fungi
  6 plants
31 creatures vanquished.

Grand Total: 1031 creatures vanquished

Notes
Turn   | Place    | Note
-------+----------+-------------------------------------------
     0 | D:1      | Iamsoldier the Human Berserker began the quest for the Orb.
     0 | D:1      | Reached XP level 1. HP: 18/18 MP: 1/1
   371 | D:1      | Reached XP level 2. HP: 19/24 MP: 2/2
  1256 | D:2      | Reached XP level 3. HP: 27/29 MP: 3/3
  1446 | D:2      | Reached ** piety under Trog
  1580 | D:2      | Reached XP level 4. HP: 22/35 MP: 4/4
  1963 | D:2      | Reached XP level 5. HP: 42/42 MP: 5/5
  2123 | D:2      | You fall into a shaft and drop 2 floors!
  2196 | D:4      | Noticed Robin
  2221 | D:4      | Killed Robin
  2221 | D:4      | Reached XP level 6. HP: 38/48 MP: 6/6
  2565 | D:4      | Found a staircase to the Ecumenical Temple.
  2624 | D:4      | Noticed Edmund
  2636 | D:4      | Killed Edmund
  2636 | D:4      | Reached XP level 7. HP: 55/55 MP: 7/7
  2951 | D:3      | Found a blossoming altar of Fedhas.
  2972 | D:3      | Reached *** piety under Trog
  3046 | D:3      | Found a shattered altar of Ashenzari.
  3188 | D:3      | Found an opulent altar of Gozag.
  3201 | D:3      | Found a glowing golden altar of the Shining One.
  3202 | D:3      | Found a hide-covered altar of Uskayaw.
  3216 | D:3      | Found a radiant altar of Vehumet.
  3220 | D:3      | Found a snail-covered altar of Cheibriados.
  3854 | D:4      | Reached skill level 5 in Fighting
  3854 | D:4      | Reached skill level 5 in Maces & Flails
  3913 | D:4      | Reached XP level 8. HP: 62/62 MP: 8/8
  4182 | D:5      | Entered Level 5 of the Dungeon
  4559 | D:5      | Found Zin's Purification Station.
  4567 | D:5      | Reached skill level 5 in Armour
  4567 | D:5      | Reached skill level 5 in Dodging
  4568 | D:5      | Found a glowing silver altar of Zin.
  4619 | D:5      | Bought a potion of curing for 90 gold pieces
  4680 | D:5      | Reached **** piety under Trog
  5117 | D:6      | Found an opulent altar of Gozag.
  5139 | D:6      | Reached XP level 9. HP: 69/69 MP: 9/9
  5253 | D:6      | Found a sand-covered staircase.
  5270 | Ossuary  | Entered an ossuary
  5621 | D:6      | Noticed Eustachio
  5638 | D:6      | Killed Eustachio
  5690 | D:6      | Reached ***** piety under Trog
  5770 | D:6      | Found a sacrificial altar of Ru.
  5927 | D:6      | Reached XP level 10. HP: 79/79 MP: 10/10
  6230 | D:7      | Found an iron altar of Okawaru.
  6321 | D:7      | Found a bloodstained altar of Trog.
  6817 | D:7      | Noticed a gargoyle
  6834 | D:7      | Killed a gargoyle
  7150 | D:8      | Got a scorched golden ring
  7155 | D:8      | Identified the ring "Jokky" {AC+4 Str+8} (You found it on
                  | level 8 of the Dungeon)
  7167 | D:8      | Noticed Harold
  7187 | D:8      | Killed Harold
  7238 | D:8      | Found Xeisaec's Magic Scroll Shoppe.
  7252 | D:8      | Bought a scroll of enchant weapon for 105 gold pieces
  7266 | D:8      | Identified the cursed +0 hand axe "Sotuc" {venom, *Corrode
                  | *Slow MP+9 Str+8} (You found it on level 8 of the Dungeon)
  7419 | D:8      | Found a staircase to the Lair.
  7421 | D:8      | Noticed a two-headed ogre
  7512 | D:8      | Killed a two-headed ogre
  7512 | D:8      | Reached XP level 11. HP: 87/87 MP: 11/11
  7918 | D:8      | Noticed a two-headed ogre
  7936 | D:8      | Killed a two-headed ogre
  7936 | D:8      | Reached skill level 1 in Evocations
  9585 | D:9      | Received a gift from Trog
  9901 | D:9      | Reached skill level 1 in Shields
 10081 | D:10     | Entered Level 10 of the Dungeon
 10137 | D:10     | Received a gift from Trog
 10430 | D:10     | Noticed a red ugly thing
 10438 | D:10     | Killed a red ugly thing
 10698 | D:11     | Noticed a cyclops
 10705 | D:11     | Reached XP level 12. HP: 96/96 MP: 14/14
 11750 | D:11     | Found a staircase to the Orcish Mines.
 11774 | D:11     | Reached skill level 10 in Maces & Flails
 12167 | D:11     | Reached skill level 10 in Fighting
 12517 | D:12     | Found Poegepri's Weapon Emporium.
 12628 | D:12     | Found Meghi's Distillery.
 12638 | D:12     | Bought a potion of curing for 45 gold pieces
 12638 | D:12     | Bought a potion of curing for 45 gold pieces
 12638 | D:12     | Bought a potion of curing for 45 gold pieces
 12638 | D:12     | Bought a potion of curing for 45 gold pieces
 12638 | D:12     | Bought a potion of heal wounds for 75 gold pieces
 12638 | D:12     | Bought 2 potions of heal wounds for 150 gold pieces
 12638 | D:12     | Bought a potion of curing for 45 gold pieces
 12660 | D:12     | Noticed a centaur warrior
 12672 | D:12     | Killed a centaur warrior
 12860 | D:12     | Paralysed by an orc for 2 turns
 12869 | D:12     | Found Sefe's Jewellery Emporium.
 12966 | D:12     | Found Tawn's General Store.
 13005 | D:12     | Reached skill level 10 in Dodging
 13011 | D:12     | Found Hosi's Book Shoppe.
 13076 | D:12     | Killed an unseen horror
 13076 | D:12     | Reached skill level 10 in Armour
 13369 | D:12     | Received a gift from Trog
 13642 | Lair:1   | Entered Level 1 of the Lair of Beasts
 13647 | Lair:1   | Identified the cursed +3 trident of Unpleasantness
                  | {antimagic, +Inv rPois rF+} (You found it on level 1 of the
                  | Lair of Beasts)
 13881 | Lair:1   | Reached XP level 13. HP: 104/104 MP: 16/16
 14066 | Lair:1   | Noticed Nergalle
 14089 | Lair:1   | Killed Nergalle
 14708 | Lair:2   | Noticed a six-headed hydra
 14719 | Lair:2   | Killed a six-headed hydra
 14932 | Lair:2   | Noticed a four-headed hydra
 14949 | Lair:2   | Killed a four-headed hydra
 15369 | Lair:2   | Reached skill level 5 in Shields
 16172 | Lair:2   | Noticed Gastronok
 16191 | Lair:2   | Killed Gastronok
 17101 | Lair:3   | Noticed a seven-headed hydra
 17117 | Lair:3   | Killed a seven-headed hydra
 18853 | Lair:4   | Found a staircase to the Shoals.
 19065 | Lair:4   | Noticed Nilihum's ghost (journeyman DEWz)
 19068 | Lair:4   | Found a runed translucent door.
 19098 | Lair:4   | Killed Nilihum's ghost
 19098 | Lair:4   | Reached XP level 14. HP: 51/113 MP: 17/17
 19502 | Lair:4   | Identified a scroll of acquirement
 19505 | Lair:4   | Got a bone broad axe
 19505 | Lair:4   | Identified the +3 broad axe "Vueli" {drain, +Rage MR+
                  | Int-2} (You acquired it on level 4 of the Lair of Beasts)
 19769 | Lair:4   | Reached skill level 1 in Axes
 19782 | Lair:4   | Found a staircase to the Snake Pit.
 20208 | Lair:5   | Found a frozen archway.
 20232 | IceCv    | Entered an ice cave
 21936 | Lair:5   | Found a staircase to the Slime Pits.
 22646 | Slime:1  | Entered Level 1 of the Pits of Slime
 22667 | Lair:6   | Entered Level 6 of the Lair of Beasts
 22697 | Lair:6   | Reached ****** piety under Trog
 22730 | Lair:6   | Reached skill level 5 in Axes
 23121 | Lair:6   | Received a gift from Trog
 23138 | Lair:6   | Reached XP level 15. HP: 120/120 MP: 18/18
 24374 | Lair:6   | Found a burning altar of Makhleb.
 24584 | Lair:6   | Found a gateway to Hell.
 25080 | Lair:6   | Received a gift from Trog
 25460 | D:13     | You fall into a shaft and drop 2 floors!
 25460 | D:15     | Entered Level 15 of the Dungeon
 25858 | D:12     | Bought the amulet "Zadeeqot" {Reflect rF+ rC+ Int+2 SH+4}
                  | for 887 gold pieces
 26001 | D:13     | Paralysed by a hornet for 1 turns
 26081 | D:13     | Noticed Sonja
 26810 | D:13     | Noticed Snorg
 26823 | D:13     | Killed Snorg
 26832 | D:13     | Killed Sonja
 26887 | D:13     | Found a roughly hewn altar of Beogh.
 27212 | D:14     | Received a gift from Trog
 27456 | D:14     | Reached XP level 16. HP: 129/129 MP: 19/19
 27704 | D:14     | Reached skill level 5 in Evocations
 27955 | D:14     | Found a gate to the Vaults.
 28849 | D:14     | Received a gift from Trog
 29088 | Orc:1    | Entered Level 1 of the Orcish Mines
 29095 | Orc:1    | Gained mutation: You occasionally shout uncontrollably at
                  | your foes. [a neqoxec]
 29096 | Orc:1    | Gained mutation: Your body sometimes deteriorates upon
                  | taking damage. [a neqoxec]
 29331 | Orc:2    | Entered Level 2 of the Orcish Mines
 29356 | Orc:2    | Found a staircase to the Elven Halls.
 29789 | Orc:2    | Reached skill level 10 in Axes
 29800 | Orc:2    | Noticed Urug
 29822 | Orc:2    | Killed Urug
 29832 | Orc:2    | Found a roughly hewn altar of Beogh.
 30175 | Orc:2    | Received a gift from Trog
 30567 | Orc:1    | Found a burning altar of Makhleb.
 30790 | Orc:2    | Found Amoim's General Store.
 30805 | Orc:2    | Paralysed by an orc sorcerer for 5 turns
 30937 | Orc:2    | Found Atatoche's Antique Weapon Shop.
 30953 | Orc:2    | Found Cuczirrale's Jewellery Shop.
 30969 | Orc:2    | Found Korefuty's Antique Armour Shop.
 30977 | Orc:2    | Bought a pair of embroidered gloves for 217 gold pieces
 30977 | Orc:2    | Bought a brightly glowing scale mail for 261 gold pieces
 30977 | Orc:2    | Bought a faintly humming chain mail for 275 gold pieces
 30999 | Orc:2    | Identified the cursed +1 scale mail of the Dungeon {rPois
                  | rCorr Slay+3} (You bought it in a shop on level 2 of the
                  | Orcish Mines)
 31018 | Orc:2    | Identified the +0 chain mail of Watchfulness {Dex+4 SInv}
                  | (You bought it in a shop on level 2 of the Orcish Mines)
 31547 | D:15     | Reached skill level 10 in Shields
 31646 | D:15     | Reached XP level 17. HP: 137/137 MP: 21/21
 31675 | D:15     | Found a staircase to the Depths.
 31782 | D:15     | Noticed Erica
 31783 | D:15     | Noticed Louise
 31793 | D:15     | Killed Erica
 31815 | D:15     | Killed Louise
 31933 | D:15     | Received a gift from Trog
 32047 | D:15     | Found a glowing silver altar of Zin.
 32389 | Snake:1  | Entered Level 1 of the Snake Pit
 32798 | Snake:1  | Noticed Rupert
 32806 | Snake:1  | Noticed Asterion
 32816 | Snake:1  | Killed Rupert
 32819 | Snake:1  | Noticed Aizul
 33300 | Snake:1  | Killed Aizul
 33300 | Snake:1  | Received a gift from Trog
 34003 | Snake:1  | Killed Asterion
 35300 | Snake:3  | Noticed Vashnia
 35316 | Snake:3  | Killed Vashnia
 35316 | Snake:3  | Reached XP level 18. HP: 145/145 MP: 23/23
 36682 | Snake:3  | Received a gift from Trog
 37002 | Snake:3  | Noticed Agnes
 37013 | Snake:3  | Killed Agnes
 37174 | Snake:4  | Entered Level 4 of the Snake Pit
 37638 | Snake:4  | Noticed Bai Suzhen
 37663 | Snake:4  | HP: 6/146 [Bai Suzhen (11)]
 37664 | Snake:4  | Killed from afar by Bai Suzhen

Levels and vault maps discovered:
D:1:      elethiomel_arrival_maze, layout_basic, minmay_liquid_box
D:2:      layout_basic
D:3:      layout_basic, fedhas_altar_2, minmay_overflow_temple_star_hex,
          cheibrodos_ashenzari_chains
D:4:      layout_loops_cross, minmay_temple_entry_overgrown, first_ration,
          serial_park_tiny_2, uniq_robin, uniq_edmund
D:5:      minmay_spotlight, layout_basic, zin_purify
D:6:      layout_cave_pools, nicolae_ru_awakened_eye,
          nicolae_ossuary_entry_monument, basic_altar, uniq_eustachio
D:7:      layout_loops_corners, okawaru_ov_weapons_minmay, the_bakery,
          bloody_trog
D:8:      layout_rooms, erik_lair_island, serial_shops, shop,
          grunt_ministairs_14, serial_bayou_pond_b, uniq_harold
D:9:      layout_roguey, minmay_crystal_room, minmay_shattered_shrine
D:10:     layout_rooms, minmay_checkerbox
D:11:     layout_basic, david_orc_2, kennysheep_crisscross, minmay_microvault
D:12:     layout_irregular_city, serial_shops, kennysheep_little_box,
          nicolae_shop_temple_entry_statues_fountains, shop, shop, shop
D:13:     layout_roguey, special_room [special_room_orc], uniq_snorg, uniq_sonja
D:14:     layout_loops_corners, lightli_vaults_fourway_checkpoint,
          nicolae_two_hexagons, kennysheep_doodads, minivault_7
D:15:     gammafunk_enter_depths_forms, layout_cave_pools, serial_park_square1
          [serial_park_minivault_5x5_4], sword_in_stone
Lair:1:   layout_small_grid, uniq_nergalle
Lair:2:   minmay_lair_oklob_tunnel, layout_long_grid,
          cheibrodos_lair_reptile_den, uniq_erica, uniq_gastronok
Lair:3:   layout_hall_layers
Lair:4:   cheibrodos_lair_river_kwai, layout_gridlike, minmay_shoals_entry_hut,
          guppyfry_snake_entry_garden, hellmonk_ghost_happy_afterlife
Lair:5:   layout_cave_pods, slime_dummy, portal_ice_cave_entry_ice_beasts,
          lemuel_fruit_tree
Lair:6:   evil_forest, layout_loops_ring, eino_house_with_fridge,
          grunt_megastairs_4
Snake:1:  layout_honeycomb, uniq_asterion, uniq_rupert, uniq_aizul
Snake:2:  layout_gridlike, nrook_guardian_serpent_ordinary, uniq_louise
Snake:3:  layout_onion_interference, drop_trap, st_stairs_9, uniq_vashnia,
          uniq_agnes
Snake:4:  snake_pit, layout_layer_cave, uniq_bai_suzhen
Slime:1:  layout_caves
Orc:1:    layout_caves, basic_altar, abandoned_shop
Orc:2:    grunt_orc_cross, layout_caves, mines2_lemuel

Skill      XL: |  1  2  3  4  5  6  7  8  9 10 11 12 13 14 15 16 17 18 |
---------------+-------------------------------------------------------+-----
Dodging        | 3 4 5 6 8 9 10 11 12 13 | 13.0
Armour         | 3 4 5 6 8 9 10 11 12 13 14 | 14.0
Fighting       | 4 5 7 8 9 10 11 12 13 14 | 14.1
Maces & Flails | 4 5 6 7 8 9 10 11 | 11.4
Evocations     | 2 4 6 7 8 |  8.0
Shields        | 2 4 6 7 8 10 11 | 11.2
Axes           | 5 8 10 12 | 12.9

Action                   |  1- 3 |  4- 6 |  7- 9 | 10-12 | 13-15 | 16-18 || total
-------------------------+-------+-------+-------+-------+-------+-------++-------
Melee: Mace              |   108 |    92 |       |       |       |       ||   200
       Flail             |       |       |   561 |   761 |   518 |       ||  1840
       Broad axe         |       |       |       |       |   590 |   901 ||  1491
Invok: Berserk           |       |     6 |     9 |    16 |    28 |    11 ||    70
       Trog's Hand       |       |       |       |     1 |       |     1 ||     2
Evoke: Lightning rod     |       |       |       |       |     8 |     1 ||     9
       Wand              |       |       |       |       |     9 |     4 ||    13
  Use: Scroll            |       |       |    12 |    14 |    10 |     8 ||    44
       Potion            |       |       |       |     1 |     5 |     3 ||     9
 Stab: Sleeping          |     1 |       |       |       |       |       ||     1
       Petrifying        |       |       |       |       |     1 |       ||     1
  Eat: Chunk             |     2 |     9 |    17 |    31 |    39 |    20 ||   118
       Ration            |       |       |     1 |     3 |     9 |     7 ||    20
Armor: Animal skin       |     8 |       |       |       |       |       ||     8
       Scale mail        |    13 |       |       |       |       |   107 ||   120
       Chain mail        |    33 |    48 |   359 |   487 |   549 |   118 ||  1594
Dodge: Dodged            |    64 |    47 |   326 |   457 |   581 |   380 ||  1855
Block: Other             |       |       |    53 |    37 |       |       ||    90
       Shield            |       |       |       |   293 |   840 |   765 ||  1898
       Buckler           |       |       |       |     9 |       |       ||     9
       Reflection        |       |       |       |    18 |    32 |    69 ||   119
